AoeStats
← Eli

African Clearing

510526090Analyzed
4v4 RM · 15h ago on Oct 1, 2026· 47m 8s· 8 players
Game mode
Random Map
Map size
Large (8 player)
Population
200
Speed
Normal
Resources
Standard
Victory
Conquest
Starting age
Dark Age
Ending age
Imperial Age
RankedLock teamsTeams togetherTeam positionsShared explorationLock speedFull tech treeHidden civsTurbo modeCheats
Victory
Defeat
🇨🇳 Wei · China
1972
+7
🇨🇳 Shu · China
1959
+7
🇨🇳 Persians · China
1570
+22
🇭🇰 Vietnamese · Hong Kong SAR China
1390
+27
🇨🇳 Mongols · China
1750
-17
🇰🇿 Chinese · Kazakhstan
1722
-16
🇧🇪 Koreans · Belgium
1710
-15
🇷🇺 Georgians · Russia
1699
-15
_LY_Yo
13:08 Feudal Age
16:44 Castle Age
14:43 Double-Bit Axe
16:22 Fishing Lines
17:55 Town Watch
18:35 Bow Saw
18:49 Gillnets
19:13 Loom
21:17 Horse Collar
24:47 Wheelbarrow
27:17 Fletching
28:14 Elite Skirmisher
29:43 Bodkin Arrow
30:40 Padded Archer Armor
31:02 Ballistics
31:11 Hand Cart
32:01 Gold Mining
32:02 Stone Mining
35:48 Imperial Age
34:05 Gold Shaft Mining
34:19 Leather Archer Armor
34:29 Scale Barding Armor
34:26 Husbandry
34:47 Treadmill Crane
35:17 Masonry
36:34 Chain Barding Armor
36:43 Bolt Magazine
37:52 Conscription
38:48 Two-Man Saw
39:21 Chemistry
38:28 Bracer
39:20 Guilds
41:35 Siege Engineers
43:54 Architecture
43:56 Guard Tower
45:40 Arrowslits
45:22 Spies/Treason
5699
6:58 Loom
13:18 Feudal Age
14:22 Double-Bit Axe
19:37 Scale Barding Armor
22:43 Forging
25:04 Gold Mining
25:04 Stone Mining
30:18 Castle Age
28:14 Gold Mining
28:59 Fletching
29:10 Padded Archer Armor
29:41 Bloodlines
30:32 Horse Collar
31:11 Bow Saw
32:25 Bodkin Arrow
34:37 Town Watch
35:04 Heavy Plow
37:31 Leather Archer Armor
38:35 Ballistics
42:32 Wheelbarrow
啥牌子的
4:07 Loom
13:04 Feudal Age
14:33 Double-Bit Axe
17:02 Castle Age
16:15 Town Watch
18:02 Bow Saw
19:37 Horse Collar
22:24 Heavy Plow
30:24 Wheelbarrow
30:43 Fletching
32:26 Padded Archer Armor
34:46 Stone Mining
38:20 Imperial Age
35:54 Gold Mining
36:59 Stone Shaft Mining
36:44 Scale Barding Armor
38:04 Chain Barding Armor
37:57 Bloodlines
37:57 Husbandry
38:19 Hand Cart
38:32 Forging
39:33 Plate Barding Armor
40:14 Gold Shaft Mining
40:58 Iron Casting
40:28 Bodkin Arrow
41:58 Crop Rotation
41:27 Elite War Elephant
43:11 Blast Furnace
46:19 Two-Man Saw
45:23 Spies/Treason
_LY_lyx
13:38 Feudal Age
17:11 Castle Age
14:59 Horse Collar
15:46 Double-Bit Axe
16:31 Gold Mining
16:56 Fishing Lines
18:26 Bow Saw
18:33 Heavy Plow
20:43 Loom
23:30 Gillnets
25:39 Wheelbarrow
25:49 Husbandry
26:35 Bloodlines
27:08 Scale Barding Armor
27:41 Stone Mining
28:42 Chain Barding Armor
29:31 Hand Cart
30:15 Forging
30:39 Devotion
31:44 Iron Casting
31:18 Town Watch
35:49 Imperial Age
34:36 Gold Shaft Mining
34:36 Stone Shaft Mining
35:14 Gold Shaft Mining
35:21 Tuntian
35:24 Fletching
37:35 Blast Furnace
37:11 Crop Rotation
37:02 Conscription
36:21 Elite Tiger Cavalry
37:43 Ming Guang Armor
38:37 Pikeman
39:18 Squires
39:18 Scale Mail Armor
40:00 Halberdier
40:56 Chain Mail Armor
43:50 Arson
44:21 Capped Ram
45:45 Spies/Treason
Komi
6:06 Loom
12:47 Feudal Age
17:03 Castle Age
16:12 Fletching
17:55 Bodkin Arrow
22:47 Husbandry
28:36 Double-Bit Axe
30:26 Pikeman
31:07 Squires
33:24 Scale Mail Armor
38:27 Wheelbarrow
37:38 Town Watch
SHell | Denchik_Ne_Lohx
2:49 Loom
12:28 Feudal Age
16:29 Castle Age
15:06 Double-Bit Axe
18:19 Fletching
25:19 Bodkin Arrow
27:58 Horse Collar
31:46 Wheelbarrow
38:11 Imperial Age
37:57 Padded Archer Armor
38:09 Scale Barding Armor
38:54 Bracer
38:17 Light Cavalry
39:08 Bloodlines
38:59 Husbandry
39:30 Ballistics
40:20 Chemistry
清远华
12:31 Feudal Age
16:17 Castle Age
14:27 Double-Bit Axe
15:58 Town Watch
17:20 Bow Saw
20:27 Horse Collar
22:36 Loom
22:51 Fletching
23:49 Bodkin Arrow
25:15 Ballistics
24:58 Padded Archer Armor
28:05 Gold Mining
30:31 Wheelbarrow
33:30 Imperial Age
32:27 Husbandry
32:38 Bloodlines
33:49 Heavy Camel Rider
35:34 Scale Barding Armor
35:40 Forging
36:36 Chain Barding Armor
36:41 Conscription
38:16 Iron Casting
40:30 Blast Furnace
39:30 Bracer
40:04 Masonry
40:55 Chemistry
Eli
12:08 Feudal Age
15:48 Castle Age
16:42 Double-Bit Axe
17:18 Loom
25:55 Town Watch
33:25 Horse Collar
35:36 Wheelbarrow
35:56 Guard Tower
39:15 Imperial Age
36:41 Guard Tower
36:45 Fletching
37:20 Heavy Plow
38:49 Bodkin Arrow
39:13 Svan Towers
40:27 Ballistics
40:12 Bracer
41:55 Arrowslits
43:32 Keep
43:25 Fortified Wall
Connection lost

Rejoining the realm…

Still unreachable

The connection could not be restored.

Session expired

The server has moved on; the page needs a fresh start.